 Dungeon Crawl Stone Soup version 0.23-a0-558-g30802b1d75 (webtiles) character file.

408977 Maize the Executioner (level 22, 0/325 HPs)
             Began as a Minotaur Fighter on Dec 11, 2018.
             Was the Champion of Okawaru.
             Killed from afar by a storm dragon (8 damage)
             ... with a bolt of lightning
             ... on level 5 of the Vaults.
             The game lasted 01:59:26 (46667 turns).

Maize the Executioner (Minotaur Fighter)           Turns: 46667, Time: 01:59:27

Health: 0/325      AC: 31    Str: 31    XL:     22   Next: 43%
Magic:  32/32      EV:  2    Int: 11    God:    Okawaru [******]
Gold:   1505       SH:  3    Dex: 14    Spells: 21/21 levels left

rFire    + . .     SeeInvis .   G - +10 executioner's axe of Wauclucs {freeze, Int+6 Stlth+}
rCold    + . .     Gourm    .   (shield currently unavailable)
rNeg     + + +     Faith    .   (armour currently unavailable)
rPois    +         Spirit   .   (helmet currently unavailable)
rElec    +         Reflect  +   (cloak currently unavailable)
rCorr    +         Harm     .   (gloves currently unavailable)
MR       +....     NoTele   +   (boots currently unavailable)
Stlth    ++........             g - +3 amulet of reflection
HPRegen  0.64/turn              a - +4 ring of strength
MPRegen  0.23/turn              F - ring of poison resistance

@: tree-form (expiring), resistant, very slightly contaminated, studying
Shields, invisible
A: (retaliatory headbutt), mutation resistance 1, subdued magic 1
}: 2/15 runes: decaying, gossamer
a: Heroism, Finesse, Renounce Religion


You were on level 5 of the Vaults.
You worshipped Okawaru.
Okawaru was exalted by your worship.
You were very hungry.
You were a tree.
You visited 7 branches of the dungeon, and saw 37 of its levels.
You visited 1 bazaar.
You also visited: Sewer, Ossuary, Bailey and Gauntlet.

You collected 4011 gold pieces.
You spent 2506 gold pieces at shops.

Inventory:

Hand Weapons
 G - the +10 executioner's axe of Wauclucs (weapon) {freeze, Int+6 Stlth+}
   (Okawaru gifted it to you on level 6 of the Lair of Beasts)

   It has been specially enchanted to freeze those struck by it, causing extra
   injury to most foes and up to half again as much damage against particularly
   susceptible opponents.
   It can also slow down cold-blooded creatures.
   It affects your intelligence (+6).
   It makes you more stealthy.
 L - the +7 battleaxe "Ecitar" {holy, MR+}
   (Okawaru gifted it to you on level 2 of the Swamp)

   It has been blessed by the Shining One to cause great damage to the undead
   and demons.
   It affects your resistance to hostile enchantments.
Armour
 q - the +1 crystal plate armour "Jifryimi" (melded) {SInv}
   (Okawaru gifted it to you on level 3 of the Swamp)

   It lets you see invisible.
 A - a +0 hat of magic resistance (melded)
 H - the +1 pair of gloves "Alery" (melded) {Str+4}
   (You found it in a Gauntlet)

   It affects your strength (+4).
 T - the +2 pair of boots "Put-Me-On" (melded) {+Blink}
   (Okawaru gifted it to you on level 14 of the Dungeon)

   It lets you blink.
 V - the +0 cloak of Juetzaesme (melded) {rPois Regen+}
   (You acquired it on level 15 of the Dungeon)

   It protects you from poison.
   It increases your rate of regeneration.
Jewellery
 a - a +4 ring of strength (left branch)
 g - a +3 amulet of reflection (around neck)
 u - an uncursed ring of see invisible
 F - a ring of poison resistance (right branch)
 J - an uncursed ring of protection from cold
 R - an uncursed ring of resist corrosion
Wands
 b - a wand of disintegration (31)
 c - a wand of iceblast (63)
 k - a wand of paralysis (7)
 p - a wand of acid (14)
 x - a wand of enslavement (49)
 N - a wand of polymorph (19)
 P - a wand of flame (118)
 X - a wand of digging (16)
 Z - a wand of scattershot (10)
Scrolls
 e - a scroll of holy word
 j - 8 scrolls of fear
 l - 12 scrolls of identify
 n - 9 scrolls of enchant armour
 o - 5 scrolls of teleportation
 r - 24 scrolls of remove curse
 y - a scroll of brand weapon
 z - 2 scrolls of silence
 B - 2 scrolls of blinking
 D - 3 scrolls of magic mapping
 K - 3 scrolls of fog
 Q - 2 scrolls of enchant weapon
Potions
 d - 4 potions of might
 h - 12 potions of curing
 i - 5 potions of flight
 m - 2 potions of resistance
 s - 8 potions of agility
 t - 4 potions of heal wounds
 v - 7 potions of haste
 w - 3 potions of cancellation
 E - 4 potions of berserk rage
 I - 3 potions of invisibility
 O - 4 potions of lignification
Books
 S - a manual of Shields
Miscellaneous
 C - a box of beasts
 M - 2 sacks of spiders
 U - a lamp of fire
 W - a lightning rod (4/4)
Comestibles
 f - 47 rations


   Skills:
 * Level 22.4 Fighting
 - Level 26.5 Axes
 + Level 21.4 Armour
 - Level 3.8 Shields
 - Level 7.0 Invocations
 + Level 15.0 Evocations


You had 21 spell levels left.
You didn't know any spells.
Your spell library contained the following spells:

 Spells                   Type           Power        Failure   Level  Hunger
 Animate Skeleton         Necr           N/A          30%         1    ##.....
 Apportation              Tloc           #.....       30%         1    ##.....
 Beastly Appendage        Tmut           #.....       30%         1    ##.....
 Confusing Touch          Hex            #.....       30%         1    ##.....
 Magic Dart               Conj           #...         30%         1    ##.....
 Summon Butterflies       Summ           #.......     30%         1    ##.....
 Summon Small Mammal      Summ           #...         30%         1    ##.....
 Blink                    Tloc           N/A          43%         2    ###....
 Call Imp                 Summ           #.......     43%         2    ###....
 Corpse Rot               Necr           N/A          43%         2    ###....
 Poisonous Vapours        Pois/Air       #.....       43%         2    ###....
 Slow                     Hex            #.......     43%         2    ###....
 Sticks to Snakes         Tmut           #.......     43%         2    ###....
 Sublimation of Blood     Necr           #.........   43%         2    ###....
 Call Canine Familiar     Summ           #.......     67%         3    ####...
 Conjure Flame            Conj/Fire      #.......     67%         3    ####...
 Gell's Gravitas          Tloc           #.........   67%         3    ####...
 Ignite Poison            Fire/Tmut/Pois #.......     67%         3    ####...
 Mephitic Cloud           Conj/Pois/Air  #.......     67%         3    ####...
 Portal Projectile        Hex/Tloc       #.....       67%         3    ####...
 Regeneration             Chrm/Necr      #.........   67%         3    ####...
 Spider Form              Tmut/Pois      #.........   67%         3    ####...
 Static Discharge         Conj/Air       #.......     67%         3    ####...
 Stone Arrow              Conj/Erth      #.....       67%         3    ####...
 Summon Guardian Golem    Hex/Summ       #.......     67%         3    ####...
 Cause Fear               Hex            #.........   97%         4    #####..
 Force Lance              Conj/Tloc      #.......     97%         4    #####..
 Ice Form                 Ice/Tmut       #.......     97%         4    #####..
 Leda's Liquefaction      Hex/Erth       #.........   97%         4    #####..
 Petrify                  Tmut/Erth      #.......     97%         4    #####..
 Summon Ice Beast         Ice/Summ       #.......     97%         4    #####..
 Summon Lightning Spire   Summ/Air       #.......     97%         4    #####..
 Alistair's Intoxication  Tmut/Pois      #.......     100%        5    ######.
 Blade Hands              Tmut           #.........   100%        5    ######.
 Bolt of Draining         Conj/Necr      #.........   100%        5    ######.
 Dispel Undead            Necr           #.......     100%        5    ######.
 Excruciating Wounds      Chrm/Necr      #.........   100%        5    ######.
 Irradiate                Conj/Tmut      #.........   100%        5    ######.
 Lightning Bolt           Conj/Air       #.........   100%        5    ######.
 Silence                  Hex/Air        #.........   100%        5    ######.
 Summon Forest            Summ/Tloc      #.........   100%        5    ######.
 Summon Mana Viper        Hex/Summ       #.......     100%        5    ######.
 Yara's Violent Unravell  Hex/Tmut       #.........   100%        5    ######.
 Death Channel            Necr           #.........   100%        6    #######
 Deflect Missiles         Chrm/Air       #.........   100%        6    #######
 Dispersal                Tloc           #.........   100%        6    #######
 Freezing Cloud           Conj/Ice/Air   #.........   100%        6    #######
 Hydra Form               Tmut           #.........   100%        6    #######
 Ring of Flames           Chrm/Fire      #.........   100%        7    #######
 Summon Hydra             Summ           #.........   100%        7    #######
 Controlled Blink         Tloc           N/A          100%        8    #######
 Discord                  Hex            #.........   100%        8    #######
 Disjunction              Tloc           #.........   100%        8    #######
 Ignition                 Fire           #.........   100%        8    #######
 Shatter                  Erth           #.........   100%        9    #######
 Tornado                  Air            #.........   100%        9    #######


Dungeon Overview and Level Annotations

Branches:
Dungeon (15/15)            Temple (0/1) D:6            Lair (6/6) D:10
  Swamp (4/4) Lair:3       Spider (4/4) Lair:3        Slime (0/5) Lair:5
    Orc (2/2) D:9             Elf (0/3) Orc:2        Vaults (5/5) D:14
  Crypt (0/3) Vaults:2     Depths (1/5) D:15

Altars:
Ashenzari
Dithmenos
Fedhas
Hepliaklqana
Kikubaaqudgha
Okawaru
Ru
Sif Muna
Trog
Uskayaw
Vehumet
Xom
The Shining One

Shops:
D:8 }   D:11 (*   Orc:2 ?(}*   Vaults:1 =   Vaults:2 (   Vaults:3 (

Portals:
Hell: Depths:1
Abyss: Depths:1
Pandemonium: Depths:1
Trove: Vaults:1 (give 21 scrolls of identify)

Annotations:
Lair:2 3 runed doors, exclusion: 2 oklob plants, alpinistek's ghost, journeyman HaHu
Swamp:1 exclusion: Roxanne, Roxanne


Innate Abilities, Weirdness & Mutations

((You reflexively headbutt those who attack you in melee.))
((You have a pair of horns on your head.))
((You are partially covered in thin metallic scales. (AC +2)))
((You can translocate small distances at will.))
((Your flesh is heat resistant. (rF+)))
You are somewhat resistant to further mutation.
((You are resistant to electric shocks. (rElec)))
Your spells are a little easier to cast, but a little less powerful.


Message History

Your stone giant skeleton stumbles backwards!
The fire giant hits your deep troll skeleton with a +2 great sword of flaming!!
The fire giant burns your deep troll skeleton.
Your two-headed ogre hits the ironheart preserver with a +0 giant club.
Your two-headed ogre hits the ironheart preserver with a +0 giant club!!
The fire giant points at you and mumbles some strange words.
The bolt of fire hits you! You resist.
* * * LOW HITPOINT WARNING * * *
The yaktaur captain unwields a +0 arbalest.
The yaktaur captain hits your two-headed ogre.
Your stone giant skeleton hits the storm dragon!
Your deep troll skeleton bites the storm dragon!
Your deep troll skeleton closely misses the storm dragon. x2
The storm dragon breathes lightning at you.
The bolt of lightning hits your stone giant skeleton.
The bolt of lightning hits your fire giant zombie.
The bolt of lightning misses your freezing wraith.
The bolt of lightning hits your ironheart preserver zombie.
The bolt of lightning hits you! You resist.
You die... ############### .QcDZZWZ♣O....#

..CZ..ZpO(xO..#
##########Cpc.#
{.O.# .#x.#
##..# .# #


You could see an ironheart preserver, a storm dragon, 2 fire giants, a tengu
reaver, a yaktaur captain, a yaktaur, 2 crawling corpses, 2 friendly two-headed
ogres, a friendly ogre mage, a friendly freezing wraith, a friendly necromancer
(invisible), a friendly ogre, a friendly stone giant zombie, a friendly fire
giant zombie, a friendly ironheart preserver zombie, a friendly deep troll
skeleton and a friendly stone giant skeleton.

Vanquished Creatures
  An ancient lich (Depths:1)
  Margery (Vaults:3)
  Arachne (Spider:4)
  Jory (Vaults:2)
  2 liches
  Jorgrun (Swamp:1)
  Rupert (Lair:4)
  4 titans
  A quicksilver dragon (Vaults:5)
  Gastronok (D:9)
  3 sphinxes
  2 storm dragons (Vaults:5)
  Kirke (Spider:3)
  2 shadow dragons (Depths:1)
  4 tengu reavers
  2 thorn hunters
  3 fire giants
  6 ghost moths
  2 iron dragons (Vaults:5)
  2 frost giants
  5 emperor scorpions
  Louise (Swamp:1)
  9 vault wardens
  2 deep elf elementalists
  15 ironheart preservers
  6 very ugly things
  4 war gargoyles
  21 stone giants
  2 entropy weavers
  An entropy weaver (shapeshifter) (Vaults:4)
  7 vampire knights
  A minotaur (Gauntlet)
  A deep elf annihilator (Vaults:5)
  5 spark wasps
  Snorg (D:10)
  7 ettins
  A crystal guardian (Vaults:3)
  2 fire dragons
  3 deep elf death magi
  3 great orbs of eyes
  Fannar (Lair:2)
  Josephine (D:12)
  8 yaktaur captains
  A deep elf high priest (Vaults:5)
  Erolcha (D:12)
  Harold (Orc:1)
  7 ice dragons
  3 rakshasas
  28 vault guards
  28 hydras
  A ghost crab (Gauntlet)
  2 shambling mangroves
  4 death knights
  A two-headed ogre (shapeshifter) (Vaults:4)
  15 alligators
  2 deep troll shamans
  7 centaur warriors
  37 two-headed ogres
  A catoblepas (D:13)
  A dancing weapon (Vaults:5)
  A queen ant (Gauntlet)
  15 ogre magi
  A queen ant (shapeshifter) (D:15)
  3 tengu warriors (D:15)
  8 death yaks
  6 orc high priests (Orc:2)
  4 deep troll earth magi
  4 hell knights (Vaults:3)
  Nergalle (D:12)
  2 deep elf knights (Vaults:4)
  A large abomination (Vaults:5)
  4 soul eaters (Depths:1)
  A fire crab (D:14)
  A fire crab (shapeshifter) (Vaults:1)
  13 skeletal warriors
  A sixfirhy (Depths:1)
  2 shadow wraiths (Depths:1)
  An infernal demonspawn (Depths:1)
  2 spriggan druids (Swamp:4)
  8 wizards
  4 glowing orange brains
  2 unseen horrors
  14 deep trolls
  6 flayed ghosts
  15 ironbrand convokers
  19 orc knights
  8 swamp dragons
  7 deep elf archers
  2 phantasmal warriors
  A lindwurm (Lair:5)
  5 harpies
  16 deep elf magi
  5 necromancers
  4 human zombies
  18 orb spiders
  2 tengu skeletons (Vaults:2)
  2 harpies (shapeshifter)
  6 orc sorcerers
  30 wolf spiders
  3 cyclopes
  A manticore (shapeshifter) (Vaults:2)
  A mana viper (shapeshifter) (D:15)
  5 manticores
  A fire giant zombie (Vaults:4)
  42 ugly things
  11 elephants
  2 centaur zombies
  A moth of wrath (Gauntlet)
  A fire giant skeleton (Vaults:2)
  A rust devil (Depths:1)
  Psyche (D:8)
  10 vault sentinels
  Maurice (D:10)
  A torpor snail (shapeshifter) (D:15)
  6 black mambas
  2 torpor snails
  3 gargoyles
  A hellion (Depths:1)
  15 spiny frogs
  34 yaktaurs
  A kobold demonologist (D:11)
  2 rime drakes (shapeshifter)
  9 demonic crawlers
  A hellwing (Depths:1)
  12 komodo dragons
  6 freezing wraiths
  5 human skeletons (Vaults:2)
  A yaktaur skeleton (Vaults:2)
  A tengu conjurer (Depths:1)
  4 meliai
  32 jumping spiders
  11 trolls
  A hornet (shapeshifter) (D:14)
  10 tyrant leeches
  2 bog bodies
  28 hornets
  6 polar bears
  3 blink frogs (shapeshifter)
  A hippogriff (shapeshifter) (Vaults:4)
  25 slime creatures
  A slime creature (shapeshifter) (Vaults:5)
  A meliai zombie (D:13)
  15 hippogriffs
  5 blink frogs (Lair:6)
  5 dream sheep (Lair:6)
  4 shadows
  25 spriggans
  A human (D:7)
  6 wyverns
  10 hogs
  60 redbacks
  40 tarantellas
  An ice dragon skeleton (Depths:1)
  9 wraiths
  34 yaks
  3 hungry ghosts
  A yaktaur simulacrum (Vaults:5)
  15 vampire mosquitoes
  4 basilisks
  7 wargs
  15 insubstantial wisps
  4 acid dragons
  16 water moccasins
  A soldier ant (shapeshifter) (Orc:2)
  3 soldier ants (Gauntlet)
  17 swamp worms
  A floating eye (D:15)
  11 porcupines
  4 black bears
  11 swamp drakes
  52 orc warriors
  3 ice beasts
  5 sky beasts
  3 black bears (shapeshifter)
  A tengu (shapeshifter) (D:15)
  An ettin simulacrum (Vaults:5)
  5 boggarts
  2 eyes of draining
  5 phantoms
  An ogre (shapeshifter) (D:14)
  39 ogres
  32 wolves
  11 centaurs
  12 crocodiles
  A big kobold (D:10)
  A deep troll simulacrum (Vaults:2)
  A gnoll sergeant (D:8)
  24 bullfrogs
  A glowing shapeshifter simulacrum (Vaults:3)
  3 water moccasin zombies (Ossuary)
  3 scorpions
  26 killer bees
  6 electric eels
  2 howler monkeys
  15 crimson imps
  2 quasits
  4 bullfrog zombies
  11 hounds
  6 jellies
  4 centaur skeletons
  29 orc priests
  14 orc wizards
  5 bullfrog skeletons
  8 iguanas
  Natasha (thrice) (D:3)
  7 worker ants
  6 big kobold zombies (Ossuary)
  A hound skeleton (D:6)
  2 mummies (Ossuary)
  A howler monkey zombie (D:8)
  A worker ant zombie (D:6)
  6 gnolls (D:8)
  18 adders
  4 shadow imps
  14 oozes (Sewer)
  4 adder zombies (Ossuary)
  An adder skeleton (D:7)
  2 worms (D:2)
  2 dart slugs
  12 leopard geckos
  62 orcs
  11 ball pythons
  16 giant cockroaches
  4 gnoll zombies (Ossuary)
  2 goblins
  3 hobgoblins
  8 jackals
  7 kobolds
  7 quokkas
  7 bats
  13 frilled lizards
  8 hobgoblin zombies (Ossuary)
  2 kobold zombies (Ossuary)
  A leopard gecko skeleton (D:7)
  3 orc zombies (Ossuary)
  A quokka zombie (D:5)
  3 rats
  A fungus (Lair:5)
  3 plants
1751 creatures vanquished.

Vanquished Creatures (collateral kills)
  A sphinx (Vaults:5)
  A yaktaur captain (Vaults:5)
  A hydra (Swamp:4)
  A vault sentinel (Vaults:5)
  2 jumping spiders (Spider:4)
  A tarantella (Spider:4)
7 creatures vanquished.

Vanquished Creatures (others)
  A deep elf high priest (Vaults:5)
  An ugly thing (Vaults:1)
  A wizard (D:11)
  An orb spider (Spider:4)
  A jumping spider (Spider:4)
  2 redbacks (Spider:3)
  A swamp drake (Swamp:2)
  An ogre (Vaults:5)
  An orc (Bailey)
  2 fungi (Lair:6)
  38 plants
50 creatures vanquished.

Grand Total: 1808 creatures vanquished

Notes
Turn   | Place    | Note
-------+----------+-------------------------------------------
     0 | D:1      | Maize the Minotaur Fighter began the quest for the Orb.
     0 | D:1      | Reached XP level 1. HP: 19/19 MP: 0/0
   378 | D:1      | Reached XP level 2. HP: 27/27 MP: 1/1
  1074 | D:2      | Reached skill level 3 in Axes
  1140 | D:2      | Reached XP level 3. HP: 33/33 MP: 2/2
  1181 | D:2      | Found an iron altar of Okawaru.
  1207 | D:2      | Became a worshipper of Warmaster Okawaru
  1552 | D:3      | Reached XP level 4. HP: 39/40 MP: 3/3
  1577 | D:3      | Found a radiant altar of Vehumet.
  1601 | D:3      | Reached skill level 4 in Axes
  1612 | D:3      | Noticed Natasha
  1616 | D:3      | Killed Natasha
  1761 | D:3      | Reached XP level 5. HP: 45/47 MP: 4/4
  1855 | D:3      | Noticed Natasha
  1873 | D:3      | Killed Natasha
  2003 | D:3      | Noticed Natasha
  2017 | D:3      | Killed Natasha
  2017 | D:3      | Reached skill level 5 in Axes
  2017 | D:3      | Reached skill level 5 in Armour
  2039 | D:4      | Noticed a phantom
  2077 | D:4      | Killed a phantom
  2077 | D:4      | Reached * piety under Okawaru
  2077 | D:4      | Reached skill level 5 in Fighting
  2077 | D:4      | Reached XP level 6. HP: 51/56 MP: 5/5
  2098 | D:4      | Found an ancient bone altar of Kikubaaqudgha.
  2103 | D:4      | Found a glowing drain.
  2124 | Sewer    | Entered a sewer
  2322 | Sewer    | Reached skill level 6 in Axes
  2467 | Sewer    | Reached ** piety under Okawaru
  2467 | Sewer    | Reached XP level 7. HP: 62/62 MP: 6/6
  2690 | D:4      | Reached skill level 7 in Axes
  2852 | D:5      | Entered Level 5 of the Dungeon
  2998 | D:5      | Found a blossoming altar of Fedhas.
  3041 | D:5      | Found a deep blue altar of Sif Muna.
  3459 | D:5      | Noticed a wyvern
  3474 | D:5      | Killed a wyvern
  3474 | D:5      | Reached *** piety under Okawaru
  3474 | D:5      | Reached skill level 8 in Axes
  3474 | D:5      | Reached XP level 8. HP: 31/71 MP: 7/7
  3729 | D:5      | Found a glowing golden altar of the Shining One.
  3789 | D:5      | Found a shadowy altar of Dithmenos.
  3825 | D:5      | Found a shimmering altar of Xom.
  4199 | D:6      | Reached skill level 9 in Axes
  4417 | D:6      | Noticed a two-headed ogre
  4424 | D:6      | Killed a two-headed ogre
  4424 | D:6      | Reached **** piety under Okawaru
  4424 | D:6      | Reached skill level 10 in Axes
  4424 | D:6      | Reached XP level 9. HP: 54/81 MP: 8/8
  4906 | D:6      | Reached ***** piety under Okawaru
  4919 | D:6      | Found a staircase to the Ecumenical Temple.
  5126 | D:7      | Received a gift from Okawaru
  5126 | D:7      | Reached skill level 11 in Axes
  6017 | D:8      | Found a shattered altar of Ashenzari.
  6018 | D:8      | Noticed Psyche
  6052 | D:8      | Reached skill level 12 in Axes
  6095 | D:8      | Received a gift from Okawaru
  6095 | D:8      | Reached XP level 10. HP: 58/91 MP: 9/9
  6333 | D:8      | Found a sand-covered staircase.
  6342 | Ossuary  | Entered an ossuary
  6622 | D:8      | Found Rycenluxt's Gadget Emporium.
  6743 | D:8      | Killed Psyche
  6743 | D:8      | Reached skill level 1 in Invocations
  7276 | D:9      | Found a hazy altar of Hepliaklqana.
  7441 | D:9      | Noticed Gastronok
  7462 | D:9      | Killed Gastronok
  7462 | D:9      | Reached skill level 10 in Fighting
  7462 | D:9      | Reached skill level 13 in Axes
  7462 | D:9      | Reached skill level 10 in Armour
  7600 | D:9      | Found a staircase to the Orcish Mines.
  7684 | D:10     | Entered Level 10 of the Dungeon
  7906 | D:10     | Noticed Maurice
  7933 | D:10     | Killed Maurice
  7933 | D:10     | Reached XP level 11. HP: 101/101 MP: 9/12
  8479 | D:10     | Reached ****** piety under Okawaru
  8490 | D:10     | Noticed a two-headed ogre
  8511 | D:10     | Received a gift from Okawaru
  8517 | D:10     | Killed a two-headed ogre
  8517 | D:10     | Reached skill level 14 in Axes
  8535 | D:10     | Got an emerald-encrusted scale mail {god gift}
  8557 | D:10     | Identified the +1 scale mail of Mutualism {*Drain rC++ rN+
                  | Str-3} (Okawaru gifted it to you on level 10 of the
                  | Dungeon)
  8680 | D:10     | Found a staircase to the Lair.
  9063 | D:10     | Noticed Snorg
  9179 | D:11     | Found Taevi's Antique Weapon Shop.
  9187 | D:11     | Bought a battleaxe for 234 gold pieces
  9203 | D:11     | Found a bloodstained altar of Trog.
  9204 | D:11     | Noticed a wizard
  9210 | D:11     | Killed a wizard
  9342 | D:11     | Found Faydy's General Store.
  9352 | D:11     | Reached skill level 5 in Invocations
  9574 | D:11     | Bought a potion of agility for 48 gold pieces
  9574 | D:11     | Bought a potion of flight for 36 gold pieces
 10288 | D:12     | Found the +7 lajatang of Order {silver, rMut}
 10362 | D:12     | Reached skill level 15 in Axes
 10414 | D:12     | Noticed Josephine
 10792 | D:12     | Killed Josephine
 10792 | D:12     | Received a gift from Okawaru
 10792 | D:12     | Reached XP level 12. HP: 111/111 MP: 12/15
 10799 | D:12     | Got a slimy executioner's axe {god gift}
 10800 | D:12     | Identified the +9 executioner's axe of Enuek {drain, rElec
                  | Stlth+} (Okawaru gifted it to you on level 12 of the
                  | Dungeon)
 10899 | D:12     | Noticed Erolcha
 10902 | D:12     | Killed Erolcha
 11056 | D:12     | Noticed Nergalle
 11060 | D:12     | Killed Nergalle
 11418 | D:10     | Killed Snorg
 11553 | Lair:1   | Entered Level 1 of the Lair of Beasts
 11560 | Lair:1   | Received a gift from Okawaru
 11959 | Lair:1   | Reached skill level 16 in Axes
 12302 | Lair:1   | Found a hide-covered altar of Uskayaw.
 12411 | Lair:1   | Noticed a four-headed hydra
 12416 | Lair:1   | Killed a five-headed hydra
 12763 | Lair:2   | Reached skill level 1 in Evocations
 12774 | Lair:2   | Received a gift from Okawaru
 12779 | Lair:2   | Got a crude plate armour {god gift}
 12795 | Lair:2   | Identified the +2 plate armour of Cesuiq {rN+ Dex+3}
                  | (Okawaru gifted it to you on level 2 of the Lair of Beasts)
 12874 | Lair:2   | Noticed Fannar
 12893 | Lair:2   | Killed Fannar
 12917 | Lair:2   | Found a runed gate.
 12919 | Lair:2   | Noticed an 11-headed hydra
 12919 | Lair:2   | Noticed an 11-headed hydra
 12920 | Lair:2   | Noticed alpinistek's ghost (journeyman HaHu)
 12922 | Lair:2   | Found a runed gate.
 12922 | Lair:2   | Found a runed gate.
 13202 | Lair:2   | Reached XP level 13. HP: 105/119 MP: 17/17
 14042 | Lair:3   | Found a staircase to the Swamp.
 14132 | Lair:3   | Found a hole to the Spider Nest.
 14142 | Lair:3   | Reached skill level 17 in Axes
 15195 | Lair:4   | Noticed Rupert
 15218 | Lair:4   | Killed Rupert
 15234 | Lair:4   | Received a gift from Okawaru
 15235 | Lair:4   | Found the +2 pair of boots of the Assassin {Detection Stab+
                  | Stlth++}
 16434 | Lair:5   | Identified 2 scrolls of acquirement
 16817 | Lair:5   | Found a staircase to the Slime Pits.
 17028 | Lair:6   | Entered Level 6 of the Lair of Beasts
 17084 | Lair:6   | Found a gate leading to a gauntlet.
 17093 | Gauntlet | Entered a Gauntlet
 17093 | Gauntlet | Found a transporter.
 17102 | Gauntlet | Found a transporter.
 17124 | Gauntlet | Found a transporter.
 17139 | Gauntlet | Found a transporter.
 17146 | Gauntlet | Found a transporter.
 17161 | Gauntlet | Found a transporter.
 17180 | Gauntlet | Found a transporter.
 17192 | Gauntlet | Found a transporter.
 17193 | Gauntlet | Noticed a death ooze
 17204 | Gauntlet | Found a transporter.
 17204 | Gauntlet | Noticed an entropy weaver
 17209 | Gauntlet | Found a transporter.
 17209 | Gauntlet | Found a transporter.
 17213 | Gauntlet | Found a transporter.
 17218 | Gauntlet | Found a transporter.
 17251 | Gauntlet | Noticed a reaper
 17252 | Gauntlet | Found a transporter.
 17264 | Gauntlet | Found a transporter.
 17281 | Gauntlet | Found a transporter.
 17298 | Gauntlet | Found a transporter.
 17334 | Gauntlet | Reached skill level 18 in Axes
 17376 | Gauntlet | Found a transporter.
 17484 | Gauntlet | Reached XP level 14. HP: 98/130 MP: 11/18
 17492 | Gauntlet | Got a pair of ancient gloves
 17524 | Gauntlet | Identified the +1 pair of gloves "Alery" {Str+4} (You found
                  | it in a Gauntlet)
 17576 | Gauntlet | Identified the cursed +1 falchion of Maize's Extermination
                  | {venom, Dex+6}
 17904 | Lair:6   | Reached skill level 5 in Evocations
 17913 | Lair:6   | Received a gift from Okawaru
 17976 | Lair:6   | Got a faintly glowing executioner's axe {god gift}
 17977 | Lair:6   | Identified the +10 executioner's axe of Wauclucs {freeze,
                  | Int+6 Stlth+} (Okawaru gifted it to you on level 6 of the
                  | Lair of Beasts)
 18598 | Lair:6   | Received a gift from Okawaru
 18887 | Lair:6   | Reached skill level 19 in Axes
 19688 | Orc:1    | Entered Level 1 of the Orcish Mines
 19688 | Orc:1    | Noticed Harold
 19709 | Orc:1    | Killed Harold
 20150 | Orc:2    | Entered Level 2 of the Orcish Mines
 20150 | Orc:2    | Found a staircase to the Elven Halls.
 20185 | Orc:2    | Found a radiant altar of Vehumet.
 20509 | Orc:2    | Reached XP level 15. HP: 72/139 MP: 13/19
 20732 | Orc:2    | Found Qyble's Assorted Antiques.
 20734 | Orc:2    | Found Pinanum's Antique Weapon Emporium.
 21142 | Orc:2    | Reached skill level 15 in Armour
 21459 | Orc:2    | Found Yci Ypp's Magic Scroll Emporium.
 21460 | Orc:2    | Found Soungu's Gadget Shoppe.
 21473 | Orc:2    | Bought a scroll of identify for 32 gold pieces
 21473 | Orc:2    | Bought a scroll of torment for 120 gold pieces
 21473 | Orc:2    | Bought a scroll of identify for 32 gold pieces
 21479 | Orc:2    | Bought a scroll of teleportation for 93 gold pieces
 21479 | Orc:2    | Bought a potion of might for 124 gold pieces
 21480 | Orc:2    | Bought a transparent demon blade for 620 gold pieces
 21480 | Orc:2    | Identified the +8 demon blade of Innotwai {elec, Stlth+}
                  | (You bought it in a shop on level 2 of the Orcish Mines)
 21830 | Swamp:1  | Entered Level 1 of the Swamp
 21835 | Swamp:1  | Noticed Louise
 21840 | Swamp:1  | Received a gift from Okawaru
 21844 | Swamp:1  | Killed Louise
 21844 | Swamp:1  | Reached skill level 15 in Fighting
 22146 | Swamp:1  | Identified Roxanne's Compendium of Transmutation
 22146 | Swamp:1  | Noticed Roxanne
 22198 | Swamp:1  | Noticed Jorgrun
 22224 | Swamp:1  | Killed Jorgrun
 22224 | Swamp:1  | Reached skill level 20 in Axes
 22353 | Swamp:1  | Received a gift from Okawaru
 22368 | Swamp:1  | Got a twisted hat
 22374 | Swamp:1  | Identified the +0 hat of the Arcane {Slay+2} (You acquired
                  | it on level 1 of the Swamp)
 23246 | Swamp:2  | Noticed a thorn hunter
 23272 | Swamp:2  | Killed a thorn hunter
 23272 | Swamp:2  | Received a gift from Okawaru
 23279 | Swamp:2  | Got a faintly glowing battleaxe {god gift}
 23280 | Swamp:2  | Identified the +7 battleaxe "Ecitar" {holy, MR+} (Okawaru
                  | gifted it to you on level 2 of the Swamp)
 24295 | Swamp:3  | Received a gift from Okawaru
 24647 | Swamp:3  | Got a warped crystal plate armour {god gift}
 24658 | Swamp:3  | Identified the +1 crystal plate armour "Jifryimi" {SInv}
                  | (Okawaru gifted it to you on level 3 of the Swamp)
 24729 | Swamp:3  | Reached XP level 16. HP: 150/150 MP: 21/21
 25222 | Swamp:4  | Entered Level 4 of the Swamp
 25791 | Swamp:4  | Noticed a thorn hunter
 25796 | Swamp:4  | Reached skill level 21 in Axes
 26192 | Swamp:4  | Killed a thorn hunter
 26230 | Swamp:4  | Received a gift from Okawaru
 26245 | Swamp:4  | Got a decaying rune of Zot
 26254 | Swamp:4  | Got steaming storm dragon scales {god gift}
 26266 | Swamp:4  | Identified the +3 storm dragon scales of Dogmatism {rElec
                  | rC+ rCorr} (Okawaru gifted it to you on level 4 of the
                  | Swamp)
 28715 | D:14     | Found a sacrificial altar of Ru.
 28846 | D:14     | Gained mutation: You are frail. (-10% HP) [potion of
                  | mutation]
 28846 | D:14     | Gained mutation: You are dopey. (Int -2) [potion of
                  | mutation]
 28846 | D:14     | Gained mutation: You are very frail. (-20% HP) [potion of
                  | mutation]
 28846 | D:14     | Gained mutation: Your flesh is heat resistant. (rF+)
                  | [potion of mutation]
 28847 | D:14     | Lost mutation: You are dopey. (Int -2) [potion of mutation]
 28847 | D:14     | Lost mutation: You are very frail. (-20% HP) [potion of
                  | mutation]
 28847 | D:14     | Gained mutation: You can translocate small distances at
                  | will. [potion of mutation]
 28847 | D:14     | Gained mutation: You are resistant to electric shocks.
                  | (rElec) [potion of mutation]
 28847 | D:14     | Gained mutation: Your spells are a little easier to cast,
                  | but a little less powerful. [potion of mutation]
 28847 | D:14     | Gained mutation: You possess an exceptional clarity of
                  | mind. [potion of mutation]
 28848 | D:14     | Lost mutation: You are frail. (-10% HP) [potion of
                  | mutation]
 28848 | D:14     | Lost mutation: You possess an exceptional clarity of mind.
                  | [potion of mutation]
 28848 | D:14     | Lost mutation: Your spells are a little easier to cast, but
                  | a little less powerful. [potion of mutation]
 28848 | D:14     | Gained mutation: Your spells are a little easier to cast,
                  | but a little less powerful. [potion of mutation]
 28848 | D:14     | Gained mutation: You are somewhat resistant to further
                  | mutation. [potion of mutation]
 28848 | D:14     | Gained mutation: You are partially covered in thin metallic
                  | scales. (AC +2) [potion of mutation]
 28930 | D:14     | Found a hazy altar of Hepliaklqana.
 28958 | D:14     | Found a flagged portal.
 28975 | Bailey   | Entered a bailey
 29389 | D:14     | Received a gift from Okawaru
 29400 | D:14     | Got a pair of translucent boots {god gift}
 29406 | D:14     | Identified the +2 pair of boots "Put-Me-On" {+Blink}
                  | (Okawaru gifted it to you on level 14 of the Dungeon)
 29447 | D:14     | Found a gate to the Vaults.
 29618 | D:14     | Reached XP level 17. HP: 155/160 MP: 23/23
 29631 | D:14     | Reached skill level 22 in Axes
 29706 | D:15     | Entered Level 15 of the Dungeon
 30036 | D:15     | Found a flickering gateway to a bazaar.
 30041 | Bazaar   | Entered a bazaar
 30041 | Bazaar   | Found Fecluu Iskiu's Magic Scroll Shoppe.
 30041 | Bazaar   | Found Joufen's General Store.
 30042 | Bazaar   | Found Peeq's Distillery.
 30042 | Bazaar   | Found Baaqopos's Weapon Emporium.
 30059 | Bazaar   | Bought a potion of curing for 27 gold pieces
 30059 | Bazaar   | Bought a potion of agility for 36 gold pieces
 30059 | Bazaar   | Bought a potion of might for 36 gold pieces
 30059 | Bazaar   | Bought a potion of haste for 90 gold pieces
 30059 | Bazaar   | Bought a potion of heal wounds for 45 gold pieces
 30065 | Bazaar   | Bought a scroll of fear for 28 gold pieces
 30065 | Bazaar   | Bought a scroll of teleportation for 24 gold pieces
 30065 | Bazaar   | Bought a scroll of teleportation for 24 gold pieces
 30065 | Bazaar   | Bought 3 scrolls of enchant armour for 180 gold pieces
 30065 | Bazaar   | Bought a scroll of acquirement for 416 gold pieces
 30069 | Bazaar   | Bought a potion of heal wounds for 90 gold pieces
 30069 | Bazaar   | Bought a scroll of summoning for 171 gold pieces
 30111 | D:15     | Got a brightly glowing cloak
 30117 | D:15     | Identified the +0 cloak of Juetzaesme {rPois Regen+} (You
                  | acquired it on level 15 of the Dungeon)
 30668 | D:15     | Reached skill level 10 in Evocations
 30776 | D:15     | Found a staircase to the Depths.
 30854 | Vaults:1 | Entered Level 1 of the Vaults
 30867 | Vaults:1 | Paralysed by an ogre mage for 3 turns
 31397 | Vaults:1 | Received a gift from Okawaru
 32222 | Vaults:1 | Reached skill level 23 in Axes
 32311 | Vaults:1 | Got a blackened buckler {god gift}
 32421 | Vaults:1 | Found Ipuziof's Jewellery Shop.
 32421 | Vaults:1 | Found a portal to a secret trove of treasure.
 32686 | Vaults:1 | Identified the +0 buckler of Tartarus {MR+ Int+3} (Okawaru
                  | gifted it to you on level 1 of the Vaults)
 32896 | Vaults:2 | Reached XP level 18. HP: 132/170 MP: 25/25
 32968 | Vaults:2 | Received a gift from Okawaru
 32994 | Vaults:2 | Noticed Jory
 33020 | Vaults:2 | Killed Jory
 33155 | Vaults:2 | Found Olares's Antique Weapon Emporium.
 33176 | Vaults:2 | Received a gift from Okawaru
 33637 | Vaults:2 | You fall through a shaft for 2 floors!
 34248 | Vaults:3 | Received a gift from Okawaru
 34278 | Vaults:3 | Noticed Margery
 34298 | Vaults:3 | Killed Margery
 34317 | Vaults:3 | Reached skill level 24 in Axes
 34614 | Vaults:3 | Received a gift from Okawaru
 34707 | Vaults:3 | Found Koimme's Weapon Emporium.
 34972 | Vaults:3 | Reached XP level 19. HP: 150/180 MP: 26/26
 36349 | Vaults:2 | Found a staircase to the Crypt.
 36794 | Vaults:4 | Noticed a lich
 36804 | Vaults:4 | Killed a lich
 36957 | Vaults:4 | Received a gift from Okawaru
 37473 | Vaults:4 | Reached skill level 25 in Axes
 38757 | Spider:1 | Entered Level 1 of the Spider Nest
 39407 | Spider:1 | Reached XP level 20. HP: 191/191 MP: 28/28
 40436 | Spider:2 | Received a gift from Okawaru
 41287 | Spider:3 | Noticed Kirke
 41393 | Spider:3 | Killed Kirke
 41640 | Spider:4 | Entered Level 4 of the Spider Nest
 41857 | Spider:4 | Noticed Arachne
 41865 | Spider:4 | Killed Arachne
 42542 | Spider:4 | Received a gift from Okawaru
 42551 | Spider:4 | Reached skill level 26 in Axes
 42815 | Spider:4 | Got a gossamer rune of Zot
 43210 | Depths:1 | Entered Level 1 of the Depths
 43216 | Depths:1 | Paralysed by a floating eye for 3 turns
 43520 | Depths:1 | Paralysed by a floating eye for 2 turns
 43529 | D:15     | Paralysed by a floating eye for 2 turns
 43606 | D:15     | Reached XP level 21. HP: 188/201 MP: 30/30
 44532 | Depths:1 | Found an ancient bone altar of Kikubaaqudgha.
 44547 | Depths:1 | Received a gift from Okawaru
 45018 | Depths:1 | Noticed an ancient lich
 45032 | Depths:1 | Killed an ancient lich
 45090 | Depths:1 | Paralysed by a great orb of eyes for 3 turns
 45165 | Depths:1 | Identified the Catalogue of Black Arts
 45205 | Depths:1 | Found a gateway to Hell.
 45237 | Depths:1 | Found a one-way gate leading to the halls of Pandemonium.
 45399 | Depths:1 | Found a one-way gate to the infinite horrors of the Abyss.
 45679 | Vaults:5 | Entered Level 5 of the Vaults
 45713 | Vaults:5 | Received a gift from Okawaru
 45725 | Vaults:4 | Received a gift from Okawaru
 46008 | Vaults:5 | Reached XP level 22. HP: 148/214 MP: 31/31
 46609 | Vaults:5 | Reached skill level 15 in Evocations
 46636 | Vaults:5 | Received a gift from Okawaru
 46657 | Vaults:5 | HP: 14/325 [deep elf high priest/divine providence (12)]
 46659 | Vaults:5 | HP: 6/325 [deep elf high priest/damnation (9)]
 46667 | Vaults:5 | HP: 8/325 [fire giant/bolt of fire (20)]
 46667 | Vaults:5 | Killed from afar by a storm dragon

Vault maps used:
D:1:      minmay_arrival_radiant_lines
D:2:      okawaru_trees_2
D:3:      lemuel_crystal_altar, uniq_natasha
D:4:      overflow_temple_1_default, first_ration, portal_sewer_entry_d
D:5:      tso_oasis_becter, nicolae_overflow_quartered_altars
D:6:      minmay_temple_entry_arrows
D:7:      st_stairs_11, hangedman_abyss_or_decor_jellyfish_corner,
          grunt_livestock
D:8:      nicolae_ashenzari_panopticon, enter_ossuary_1, serial_shops, shop,
          uniq_psyche
D:9:      kennysheep_little_box, orc_0_dummy, uniq_gastronok
D:10:     erik_lair_island, serial_bayou_lagoon_a, kennysheep_generic_room_16,
          uniq_snorg, uniq_maurice
D:11:     serial_shops, shop, shop, trog_wizard
D:12:     uniq_nergalle, uniq_erolcha, uniq_josephine
D:13:     minmay_the_grid_4x2, minmay_misc_feat_x, minmay_radiant
D:14:     skrybe_vaults_entry_preservation, enter_bailey_2,
          nicolae_ru_awakened_eye, basic_altar,
          hangedman_abyss_or_decor_lesser_grid, minmay_evil_grid
D:15:     gammafunk_enter_depths_forms, serial_shops, bzr_entry_road,
          chequers_serial_rivers_micro_e
Lair:1:   beast_lair_carwin_large_3, serial_forest,
          infiniplex_forest_lined_4_way, infiniplex_forest_lined_2,
          infiniplex_forest_lined_corner, infiniplex_forest_end_1,
          infiniplex_forest_end_1, infiniplex_forest_diagonal, basic_altar
Lair:2:   regret_index_harrowing_hell_hive, gammafunk_ghost_hydra_chop,
          uniq_fannar
Lair:3:   minmay_swamp_entry_worms, spider_nest_entry_webs
Lair:4:   minmay_shattered_shrine, grunt_megastairs_1, uniq_rupert
Lair:5:   minmay_slime_entry_pillars, nicolae_quartered_pool_super,
          serial_bayou_crossing
Lair:6:   minmay_lair_end_enchanted_forest, gauntlet_entry_generic,
          grunt_megastairs_4
Swamp:1:  nicolae_swamp_little_tower, uniq_jorgrun, uniq_louise, uniq_roxanne
Swamp:2:  evilmike_swamp_ruin_house_3
Swamp:3:  evilmike_swamp_ruin_house_2, infiniplex_staircase_pool
Swamp:4:  swamp, nicolae_swamp_round_clearing
Spider:3: uniq_kirke
Spider:4: spider_rune_water, uniq_arachne
Orc:1:    uniq_harold
Orc:2:    st_orc_pillars, basic_altar
Vaults:1: nicolae_vaults_shelves_hall, hangedman_vaults_stitches,
          ontoclasm_vaults_loading_screen, v_misc_11, v_misc_19,
          nicolae_vaults_angled_halls, st_eye, v_misc_13, vaults_dpeg_ring,
          vaults_room_boxed, ontoclasm_vaults_hangar, v_pattern_1,
          hangedman_vaults_slice, enter_trove_0, serial_shops, shop
Vaults:2: v_rooms_1, nicolae_vaults_network_star, hangedman_vaults_restitches,
          minmay_crypt_entry_skeletal_spiral, nicolae_vaults_ninety_degrees,
          kb_rosetta, hangedman_vaults_capsules, serial_shops, shop, uniq_jory
Vaults:3: nicolae_vaults_little_ls, ontoclasm_vaults_pinch,
          nicolae_vaults_three_branches, ontoclasm_vaults_claustrophobia,
          nicolae_vaults_big_ls, nicolae_vaults_triangles,
          nicolae_vaults_network_square, grunt_vaults_hallway_short,
          ontoclasm_vaults_tryst, serial_shops, nicolae_shop_window_shopping,
          uniq_margery
Vaults:4: grunt_vaults_trifunnel, vaults_mumra_chevron_long,
          nicolae_vaults_little_squares_3, v_misc_26,
          ontoclasm_vaults_decontamination, hangedman_vaults_river_flow,
          v_misc_12, hangedman_vaults_restitches, hangedman_vaults_restitches
Depths:1: abyss_entry_small_statue_room, hangedman_coc_ice_floe,
          old_standard_altar, rand_demon_pan_entry_7,
          chequers_serial_rivers_room_b, evilmike_ambush
Bazaar:   bazaar_jpeg_oval
Sewer:    sewer_frog_island_02
Ossuary:  ossuary_tomb_2
Bailey:   bailey_polearm_2, bailey
Gauntlet: gammafunk_gauntlet_one_two_three

Skill      XL: |  1  2  3  4  5  6  7  8  9 10 11 12 13 14 15 16 17 18 19 20 21 22 |
---------------+-------------------------------------------------------------------+-----
Armour         | 4 5 6 8 9 10 11 12 13 14 15 16 17 18 19 20 21 | 21.4
Axes           | 3 4 5 6 8 10 12 13 15 16 18 19 20 21 23 24 25 26 | 26.5
Fighting       | 4 5 6 8 9 10 11 12 13 14 15 16 17 18 19 20 21 22 | 22.4
Invocations    | 3 5 7 |  7.0
Evocations     | 1 4 6 8 9 10 11 12 13 14 15 | 15.0
Shields        | |  3.8

Action                   |  1- 3 |  4- 6 |  7- 9 | 10-12 | 13-15 | 16-18 | 19-21 | 22-24 || total
-------------------------+-------+-------+-------+-------+-------+-------+-------+-------++-------
Melee: War axe           |    88 |   270 |   263 |   378 |       |       |       |       ||   999
       Headbutt          |    14 |    42 |    58 |   141 |   181 |   220 |   253 |    32 ||   941
       Battleaxe         |       |       |       |   133 |     2 |    31 |       |       ||   166
       Executioner's axe |       |       |       |   142 |   755 |   825 |   920 |    80 ||  2722
Invok: Heroism           |       |       |     1 |     8 |    13 |     4 |     6 |     2 ||    34
       Finesse           |       |       |       |     2 |     4 |     1 |     4 |       ||    11
Evoke: Box of beasts     |       |       |       |       |       |     1 |     2 |       ||     3
       Sack of spiders   |       |       |       |       |       |     1 |     1 |       ||     2
       Lamp of fire      |       |       |       |       |       |       |     1 |       ||     1
       Lightning rod     |       |       |       |       |       |       |       |     1 ||     1
  Use: Scroll            |       |     6 |     2 |     6 |    14 |    14 |     2 |     7 ||    51
       Potion            |       |       |       |     1 |     2 |     4 |     1 |     9 ||    17
  Eat: Chunk             |     2 |     4 |    11 |    18 |    31 |    24 |    19 |     1 ||   110
       Ration            |       |       |       |     2 |     2 |     3 |     5 |       ||    12
Armor: Scale mail        |    57 |     5 |       |       |       |       |       |       ||    62
       Chain mail        |       |   130 |    98 |   218 |       |       |       |       ||   446
       Plate armour      |       |       |       |   185 |   576 |       |       |       ||   761
       Crystal plate arm |       |       |       |       |    10 |   849 |   833 |   120 ||  1812
       Storm dragon scal |       |       |       |       |       |     5 |       |       ||     5
       Skin              |       |       |       |       |       |     2 |       |     1 ||     3
Dodge: Dodged            |    26 |    61 |    47 |   188 |   288 |   276 |   295 |    51 ||  1232
Block: Shield            |    78 |   196 |   176 |   203 |       |       |       |       ||   653
       Reflection        |     1 |       |     4 |     3 |     1 |    16 |     6 |       ||    31
       Other             |       |       |       |    35 |    74 |    98 |   101 |    18 ||   326

Table legend:
 A = Non-vault XP
 B = Vault XP
 C = Vault XP percentage of total XP
 D = Non-vault monster count
 E = Vault monster count
 F = Vault count percentage of total count
                 A         B        C        D         E       F
            +---------+---------+-------+---------+---------+-------
      Total |  363591 |  401353 |  52.5 |    1019 |     741 |  42.1
            +---------+---------+-------+---------+---------+-------
        D:1 |      13 |       0 |   0.0 |       7 |       0 |   0.0
        D:2 |      80 |       0 |   0.0 |      15 |       0 |   0.0
        D:3 |     159 |      36 |  18.5 |      16 |       1 |   5.9
        D:4 |     462 |      14 |   2.9 |      15 |       1 |   6.2
        D:5 |     516 |       0 |   0.0 |      12 |       0 |   0.0
        D:6 |    1909 |       0 |   0.0 |      26 |       0 |   0.0
        D:7 |     498 |    1230 |  71.2 |       9 |       9 |  50.0
        D:8 |     775 |     454 |  36.9 |      23 |       1 |   4.2
        D:9 |     798 |    2317 |  74.4 |      11 |       1 |   8.3
       D:10 |    4007 |    2407 |  37.5 |      41 |       9 |  18.0
       D:11 |    4427 |       0 |   0.0 |      41 |       0 |   0.0
       D:12 |    4754 |    3486 |  42.3 |      26 |       6 |  18.8
       D:13 |    5128 |   14106 |  73.3 |      15 |      31 |  67.4
       D:14 |    4041 |   10832 |  72.8 |      16 |      18 |  52.9
       D:15 |   14826 |   21429 |  59.1 |      37 |      25 |  40.3
     Lair:1 |    3803 |    2227 |  36.9 |      21 |      10 |  32.3
     Lair:2 |    1543 |    4337 |  73.8 |       9 |      32 |  78.0
     Lair:3 |    3018 |    1160 |  27.8 |      17 |       5 |  22.7
     Lair:4 |    4213 |    7518 |  64.1 |      17 |      11 |  39.3
     Lair:5 |    3163 |     615 |  16.3 |      15 |       4 |  21.1
     Lair:6 |   17181 |   12090 |  41.3 |      43 |      54 |  55.7
    Swamp:1 |    9033 |    4722 |  34.3 |      24 |       2 |   7.7
    Swamp:2 |   10940 |       0 |   0.0 |      26 |       0 |   0.0
    Swamp:3 |   20479 |       0 |   0.0 |      49 |       0 |   0.0
    Swamp:4 |   12613 |   16676 |  56.9 |      29 |      25 |  46.3
   Spider:1 |   15497 |       0 |   0.0 |      38 |       0 |   0.0
   Spider:2 |   21894 |       0 |   0.0 |      56 |       0 |   0.0
   Spider:3 |   16294 |    3301 |  16.8 |      46 |       7 |  13.2
   Spider:4 |   10904 |   27904 |  71.9 |      29 |      45 |  60.8
      Orc:1 |    3509 |     997 |  22.1 |      12 |       1 |   7.7
      Orc:2 |    2686 |    9255 |  77.5 |      13 |      53 |  80.3
   Vaults:1 |   11721 |   39382 |  77.1 |      17 |      64 |  79.0
   Vaults:2 |   26327 |   39674 |  60.1 |      57 |      50 |  46.7
   Vaults:3 |   25887 |   21495 |  45.4 |      46 |      25 |  35.2
   Vaults:4 |   52194 |   39513 |  43.1 |      78 |      41 |  34.5
   Vaults:5 |   23732 |   68372 |  74.2 |      35 |      57 |  62.0
   Depths:1 |   24567 |   38913 |  61.3 |      32 |      34 |  51.5
      Sewer |       0 |     322 | 100.0 |       0 |      62 | 100.0
    Ossuary |       0 |     461 | 100.0 |       0 |      32 | 100.0
     Bailey |       0 |    1578 | 100.0 |       0 |      14 | 100.0
   Gauntlet |       0 |    4530 | 100.0 |       0 |      11 | 100.0
            +---------+---------+-------+---------+---------+-------
